 Dungeon Crawl Stone Soup version 0.23.1-42-g8abd8fc (webtiles) character file.

Game seed: 8049621980091165791

78 cklessthan3 the Skirmisher (level 4, 0/37 HPs)
             Began as a Demonspawn Abyssal Knight on Mar 31, 2019.
             Was a Follower of Lugonu.
             Succumbed to a scorpion's poison
             ... on level 4 of the Dungeon.
             The game lasted 00:05:04 (1100 turns).

cklessthan3 the Skirmisher (DsAK)                   Turns: 1100, Time: 00:05:05

Health: 0/37       AC:  9    Str: 13    XL:     4   Next: 15%
Magic:  6/6        EV:  9    Int: 13    God:    Lugonu [*.....]
Gold:   36         SH:  0    Dex: 13    Spells: 3/3 levels left

rFire    . . .     SeeInvis .   a - +2 falchion
rCold    . . .     Gourm    .   (no shield)
rNeg     . . .     Faith    .   f - +1 scale mail
rPois    .         Spirit   .   (no helmet)
rElec    .         Reflect  .   (no cloak)
rCorr    .         Harm     .   (no gloves)
MR       .....                  (no boots)
Stlth    ..........             (no amulet)
HPRegen  0.12/turn              (no ring)
MPRegen  0.10/turn              (no ring)

@: lethally poisoned (0 -> -2)
A: thin metallic scales 1
a: Depart the Abyss, Renounce Religion


You were on level 4 of the Dungeon.
You worshipped Lugonu.
Lugonu was aware of your devotion.
You were hungry.

You visited 1 branch of the dungeon, and saw 3 of its levels.
You visited the Abyss 1 time.

You collected 36 gold pieces.

Inventory:

Hand Weapons
 a - a +2 falchion (weapon)
 g - a +0 mace
Armour
 b - a +0 leather armour
 d - a +0 ring mail
 f - a +1 scale mail (worn)
Scrolls
 j - 2 scrolls of remove curse
Potions
 e - a potion of brilliance
 i - a potion of flight
Comestibles
 c - 2 rations


   Skills:
 + Level 3.8 Fighting
 + Level 2.8 Long Blades
 + Level 2.3 Armour
 + Level 1.0 Dodging
 + Level 2.7 Invocations


You had 3 spell levels left.
You didn't know any spells.
Your spell library was empty.

Dungeon Overview and Level Annotations

Branches:
Dungeon (2/15)

Altars:


Innate Abilities, Weirdness & Mutations

You are partially covered in thin metallic scales. (AC +2)


Message History

The scorpion is almost dead.
* * * LOW HITPOINT WARNING * * *
You feel sick. The scorpion closely misses you.
You riposte.
You hit the scorpion but do no damage.
The scorpion is almost dead.
You hit the scorpion but do no damage.
The scorpion is almost dead.
The scorpion stings you but does no damage.
The scorpion stings you.
* * * LOW HITPOINT WARNING * * *
You hit the scorpion but do no damage.
The scorpion is almost dead.
The scorpion stings you but does no damage.
You hit the scorpion.
You kill the scorpion!
Lugonu accepts your kill.
Your Dodging skill increases to level 1!
You have reached level 4!
You feel agile.
You die...

### #.##
#..# #).#
#@.# #†.#
#..# #..#
#..#
#####>.#
#..##).#
#......##
#.......#


There were no monsters in sight!

Vanquished Creatures
  A scorpion (D:4)
  2 leopard geckos (D:2)
  A ball python (D:2)
  A giant cockroach (D:1)
  4 goblins (D:1)
  6 hobgoblins
  4 jackals (D:1)
  A quokka (D:2)
  3 bats
  A frilled lizard (D:2)
  A rat (D:1)
25 creatures vanquished.

Notes
Turn   | Place    | Note
-------+----------+-------------------------------------------
     0 | Abyss:1  | cklessthan3 the Demonspawn Abyssal Knight began the quest
                  | for the Orb.
     0 | Abyss:1  | Reached XP level 1. HP: 18/18 MP: 2/2
    32 | D:1      | Escaped the Abyss
   100 | D:1      | Reached * piety under Lugonu
   265 | D:1      | Gained mutation: You are partially covered in thin metallic
                  | scales. (AC +2) [demonic ancestry]
   265 | D:1      | Reached XP level 2. HP: 18/24 MP: 3/3
  1038 | D:2      | Reached XP level 3. HP: 24/29 MP: 5/5
  1071 | D:2      | You fall through a shaft for 2 floors!
  1074 | D:4      | Noticed a scorpion
  1098 | D:4      | HP: 1/29 [scorpion (3)]
  1100 | D:4      | Killed a scorpion
  1100 | D:4      | Reached skill level 1 in Dodging
  1100 | D:4      | Reached XP level 4. HP: 1/37 MP: 6/6
  1100 | D:4      | Succumbed to a scorpion's poison

Skill      XL: |  1  2  3 |
---------------+----------+-----
Long Blades    | 2 |  2.8
Armour         | 2 |  2.3
Dodging        | 1 |  1.0
Fighting       | |  3.8
Invocations    | |  2.7

Action                   |  1- 3 |  4- 6 || total
-------------------------+-------+-------++-------
Melee: Falchion          |    70 |       ||    70
Invok: Depart the Abyss  |     1 |       ||     1
  Use: Scroll            |     6 |       ||     6
       Potion            |     1 |       ||     1
Armor: Leather armour    |     3 |       ||     3
       Ring mail         |     7 |       ||     7
       Scale mail        |    20 |       ||    20
Dodge: Dodged            |    48 |       ||    48
       Rpst.: Falchion   |    17 |       ||    17
